 Dungeon Crawl Stone Soup version 0.29.1-15-g9cfb28693d (webtiles) character file.

Game seed: 6629835821872383134

47 Descartes the Ruffian (level 3, -12/36 HPs)
             Began as a Troll Monk on Feb 26, 2023.
             Mangled by Crazy Yiuf
             ... wielding a +4 quarterstaff of chaos
              (14 damage)
             ... on level 2 of the Dungeon.
             The game lasted 00:02:37 (1106 turns).

Descartes the Ruffian (Troll Monk)                  Turns: 1106, Time: 00:02:38

Health: -12/36     AC:  4    Str: 21    XL:     3   Next: 48%
Magic:  2/2        EV: 10    Int:  6    God:
Gold:   78         SH:  5    Dex: 12    Spells: 2/2 levels left

rFire   . . .      SeeInvis .     - Unarmed
rCold   . . .      Faith    .   (no shield)
rNeg    . . .      Spirit   .   a - +0 robe
rPois   .          Reflect  +   (helmet restricted)
rElec   .          Harm     .   (no cloak)
rCorr   .          Rampage  .   (gloves unavailable)
Will    .....                   (boots unavailable)
Stlth   ++........              k - amulet of reflection
HPRegen 0.92/turn               (no ring)
MPRegen 0.08/turn               (no ring)

@: lethally poisoned (-12 -> -32)
A: large, unfitting armour, claws 3, regeneration 1, shaggy fur 1, tough skin 1
a: no special abilities


You were on level 2 of the Dungeon.
You visited 1 branch of the dungeon, and saw 2 of its levels.

You collected 78 gold pieces.

Inventory:

Hand Weapons
 h - a +0 spear of freezing
Missiles
 c - 33 stones (quivered)
 o - 4 poisoned darts
Armour
 a - a +0 robe (worn)
Jewellery
 k - an amulet of reflection (around neck)
 m - a ring of ice
Scrolls
 f - 4 scrolls of teleportation {unknown}
 g - a scroll of amnesia {unknown}
 i - a scroll of identify {unknown}
 q - a scroll of poison {unknown}
Potions
 b - a potion of ambrosia
 d - 2 potions of attraction {unknown}
 e - a potion of brilliance {unknown}
 j - a potion of cancellation {unknown}
 l - a potion of degeneration {unknown}
 n - a potion of lignification {unknown}
 p - 2 potions of curing {unknown}


   Skills:
 + Level 2.8 Fighting
 + Level 1.2 Throwing
 + Level 2.7 Dodging
 - Level 1.0 Stealth
 + Level 3.4 Unarmed Combat


You had 2 spell levels left.
You didn't know any spells.
Your spell library contained the following spells:

 Spells                   Type           Power      Damage    Failure   Level
 Apportation              Tloc           0%         N/A       45%         1
 Magic Dart               Conj           0%         1d3       45%         1
 Sandblast                Erth           0%         2d4       45%         1
 Summon Small Mammal      Summ           0%         N/A       45%         1
 Call Canine Familiar     Summ           0%         N/A       83%         3
 Summon Guardian Golem    Hex/Summ       0%         N/A       83%         3


Dungeon Overview and Level Annotations

Branches:
Dungeon (2/15)

Altars:

Annotations:
D:2 Crazy Yiuf


Innate Abilities, Weirdness & Mutations

You are too large for most types of armour.
You have claws for hands.
Your natural rate of healing is unusually fast.
You are covered in fur. (AC +1)
You have tough skin. (AC +1)


Message History

No target in view!
No target in view!
No target in view!
No target in view!
No target in view!
No target in view!
No target in view!
No target in view!
No target in view!
No target in view!
No target in view!
HP restored.
You pick up Thaumaturgy for Neophytes and begin reading...
You add the spells Magic Dart, Sandblast and Apportation to your library.
c - 33 stones (gained 8)
You see here a rat corpse.
You see here a +0 leather armour.
There is a stone staircase leading up here.
Found a hammer.
Found a runed translucent door.
Crazy Yiuf shouts!
Crazy Yiuf yells, "Mugger!
Whippet mumblescurry blue."
No reachable target in view!
As you open the door, it creaks loudly!
You closely miss Crazy Yiuf.
Crazy Yiuf yells, "Mama alas sing!"
Crazy Yiuf hits you with a +4 quarterstaff of chaos!
You are poisoned.
You barely miss Crazy Yiuf.
You feel very sick.
Crazy Yiuf hits you with a +4 quarterstaff of chaos!
* * * LOW HITPOINT WARNING * * *
You are lethally poisoned!
You are too injured to fight recklessly!
You are too injured to fight recklessly!
You are too injured to fight recklessly!
You closely miss Crazy Yiuf.
* * * LOW HITPOINT WARNING * * *
You feel extremely sick.
Crazy Yiuf hits you with a +4 quarterstaff of chaos!
You die...

## ### ###### .##
#)..### ##....##
..##
#...g@####......#
...#
#...##..#.......#
...####### ###
###.#......#
.........#
#######.##
..######.# #.#
...^..#### ###
#.# #.....#
#.########.#
......#
#.##.......#
......#
##......#####


You could see Crazy Yiuf.

Vanquished Creatures
  A gnoll (D:1)
  A worm (D:2)
  A dart slug (D:1)
  An orc (D:2)
  4 endoplasms
  3 goblins
  A hobgoblin (D:1)
  4 ball pythons
  2 bats (D:1)
  4 frilled lizards
  7 kobolds
  3 rats
32 creatures vanquished.

Notes
Turn   | Place    | Note
-------+----------+-------------------------------------------
     0 | D:1      | Descartes the Troll Monk began the quest for the Orb.
     0 | D:1      | Reached XP level 1. HP: 22/22 MP: 0/0
    53 | D:1      | Found a faded altar of an unknown god.
    95 | D:1      | You fall into a shaft and drop 1 floor!
   131 | D:2      | Reached XP level 2. HP: 29/29 MP: 1/1
   502 | D:1      | Reached skill level 1 in Throwing
   555 | D:1      | Reached XP level 3. HP: 36/36 MP: 2/2
   990 | D:2      | Got Thaumaturgy for Neophytes
  1099 | D:2      | Found a runed translucent door.
  1100 | D:2      | Noticed Crazy Yiuf
  1106 | D:2      | Mangled by Crazy Yiuf

Illustrated notes

Levels and vault maps discovered:
D:1:      elethiomel_arrival_shortcut, layout_basic,
          nicolae_ecumenical_snake_handling, corexii_hall_statues_i
D:2:      layout_rooms, uniq_crazy_yiuf_cottage

Skill      XL: |  1  2 |
---------------+-------+-----
Throwing       | 1 |  1.2
Fighting       | |  2.8
Dodging        | |  2.7
Stealth        | |  1.0
Unarmed Combat | |  3.4

Action                   || total
-------------------------++-------
Melee: Unarmed           ||    64
 Stab: Sleeping          ||     4
Armor: Robe              ||    16
Dodge: Dodged            ||    22
Block: Other             ||    10
       Reflection        ||     1
